Map: New Repugnancy LE

Players

Kas - Winner!

  • Race: Terran Terran
  • League: Platinum
  • Spawn Location: 7:00

SunSet

  • Race: Zerg Zerg
  • Spawn Location: 1:00

Event: 2019 WCS Summer

VOD

Have the link to the VOD?

Description

Time

  • Played on: July 12, 2019, 6:46 a.m.
  • Length: 8:02

All games in this series

Show
View Real Time Build Order
Export as new Build Order

Kas Terran - Winner!

Build Orders: Gas First Reaper Expand, Hellion Banshee 

Get SALT Encoding   

  12  0:00  SCV  
  13  0:13  SCV  
  14  0:17  Supply Depot  
  14  0:26  SCV  
  14  0:28  Refinery  
  15  0:38  SCV  
  16  0:45  Barracks  
  16  0:50  SCV  
  17  1:03  SCV  
  18  1:15  SCV  
  19  1:31  Orbital Command  
  19  1:33  Reaper  
  20  1:44  Command Center  
  20  1:54  Factory  
  20  1:59  SCV  
  21  2:05  Barracks Reactor  
  21  2:11  SCV  
  21  2:14  Supply Depot  
  22  2:23  SCV  
  22  2:25  Refinery  
  23  2:36  SCV  
  24  2:45  Starport  
  24  2:48  SCV  
  25  2:54  Hellion x2  
  25  2:57  Orbital Command  
  29  3:00  SCV  
  30  3:09  Barracks Tech Lab  
  30  3:12  SCV  
  31  3:17  Hellion  
  31  3:19  Hellion  
  35  3:24  SCV  
  35  3:25  SCV  
  37  3:31  Cloaking Field  
  37  3:35  Banshee  
  37  3:36  SCV  
  37  3:38  Supply Depot  
  37  3:40  SCV  
  42  3:49  SCV  
  42  3:50  Hellion  
  42  3:52  SCV  
  46  4:00  Hellion  
  46  4:01  SCV, Supply Depot  
  49  4:07  SCV  
  49  4:08  Barracks Tech Lab  
  50  4:13  SCV  
  51  4:18  Banshee  
  51  4:23  SCV  
  55  4:25  SCV, Supply Depot  
  55  4:27  Factory Tech Lab  
  55  4:28  Marine  
  55  4:29  Barracks x2, Stimpack  
  57  4:34  Engineering Bay  
  57  4:35  SCV  
  57  4:38  SCV  
  59  4:44  Refinery  
  59  4:47  SCV  
  59  4:48  Supply Depot  
  59  4:49  Marine  
  59  4:50  SCV  
  62  4:53  Siege Tank  
  62  4:59  SCV  
  66  5:04  Terran Infantry Weapons Level 1  
  66  5:05  SCV  
  67  5:07  Marine  
  67  5:11  SCV  
  69  5:15  Starport Reactor  
  69  5:17  SCV  
  69  5:19  Supply Depot  
  69  5:20  Barracks Reactor, Supply Depot  
  69  5:21  Marine x2  
  72  5:25  Marine, Supply Depot  
  73  5:36  Command Center  
  73  5:38  Marine  
  74  5:43  Marine  
  66  6:00  Marine x2  
  66  6:03  SCV  
  65  6:06  Marine x2  
  65  6:07  Siege Tank  
  65  6:08  Medivac x2  
  65  6:10  SCV  
  65  6:11  Marine  
  72  6:12  Barracks  
  72  6:14  Refinery  
  73  6:21  Marine x2  
  73  6:23  SCV  
  73  6:24  SCV  
  77  6:26  Barracks  
  77  6:28  Marine x2  
  77  6:29  Marine  
  77  6:31  Combat Shield  
  80  6:36  Armory  
  80  6:37  Engineering Bay  
  80  6:38  Marine, SCV  
  80  6:39  Marine  
  83  6:43  SCV  
  83  6:46  Marine x2  
  86  6:47  Orbital Command  
  86  6:50  SCV  
  86  6:51  Marine  
  88  6:56  Marine  
  88  6:59  Marine  
  88  7:01  Barracks Reactor  
  90  7:09  SCV  
  90  7:11  Marine x2  
  94  7:16  Barracks Reactor  
  94  7:17  Marine x2, Supply Depot  
  94  7:18  Siege Tank  
  96  7:24  Marine  
  96  7:28  SCV x2  
  96  7:29  Marine x2  
  101  7:31  Orbital Command  
  97  7:39  Marine  
  97  7:41  Marine x2  
  97  7:43  SCV  
  98  7:45  SCV  
Show
View Real Time Build Order
Export as new Build Order

SunSet Zerg 

Build Orders: Hatch First 

Get SALT Encoding   

  12  0:00  Drone  
  13  0:12  Overlord  
  13  0:17  Drone  
  14  0:30  Drone x2  
  14  0:34  Drone  
  17  0:54  Hatchery  
  16  0:57  Drone  
  16  1:00  Drone  
  18  1:13  Extractor  
  18  1:17  Spawning Pool  
  16  1:22  Drone  
  16  1:24  Drone  
  18  1:29  Drone  
  19  1:39  Drone  
  20  1:49  Overlord  
  20  2:04  Zergling x2  
  20  2:05  Queen  
  20  2:06  Queen  
  20  2:07  Drone  
  26  2:11  Drone  
  26  2:15  Metabolic Boost  
  27  2:18  Drone  
  27  2:22  Drone  
  29  2:28  Zergling x2  
  30  2:31  Spore Crawler  
  30  2:33  Drone  
  30  2:39  Drone  
  30  2:43  Drone  
  33  2:55  Drone  
  33  2:56  Drone  
  35  2:58  Hatchery  
  35  2:59  Overlord  
  32  3:06  Drone  
  32  3:10  Drone  
  34  3:14  Queen  
  34  3:19  Drone  
  37  3:20  Drone  
  37  3:21  Drone  
  37  3:23  Drone x2  
  41  3:31  Drone  
  41  3:32  Drone  
  43  3:43  Overlord  
  43  3:44  Zergling x2  
  44  3:53  Overlord  
  44  4:01  Queen x2  
  48  4:04  Overlord  
  48  4:12  Queen  
  48  4:13  Drone x5  
  48  4:14  Drone  
  48  4:16  Drone  
  57  4:21  Drone  
  57  4:22  Drone  
  59  4:25  Drone x2  
  59  4:26  Spore Crawler  
  59  4:27  Spore Crawler  
  59  4:28  Drone  
  59  4:29  Drone  
  61  4:32  Zergling x2  
  61  4:33  Zergling x6  
  61  4:36  Drone  
  66  4:40  Queen x2  
  66  4:42  Overlord  
  66  4:44  Drone  
  71  4:47  Drone  
  72  4:54  Drone  
  72  4:56  Drone  
  72  4:58  Overlord  
  74  5:05  Evolution Chamber  
  74  5:06  Evolution Chamber  
  71  5:07  Drone x2  
  71  5:08  Drone x2  
  71  5:11  Drone, Lair  
  74  5:16  Spore Crawler  
  72  5:22  Drone  
  72  5:26  Overlord  
  72  5:28  Zergling x12  
  78  5:39  Evolution Chamber  
  78  5:40  Evolution Chamber  
  74  5:44  Drone  
  70  5:52  Drone  
  70  5:55  Drone  
  64  5:57  Drone  
  64  5:58  Drone x5  
  64  6:01  Drone  
  64  6:02  Drone x2, Zerg Ground Armor Level 1, Zerg Melee Weapons Level 1  
  68  6:09  Drone  
  68  6:12  Drone x2  
  70  6:21  Drone x3  
  70  6:22  Drone  
  70  6:24  Drone, Extractor  
  70  6:25  Extractor  
  73  6:28  Drone  
  73  6:29  Baneling Nest  
  73  6:32  Overlord  
  73  6:34  Drone, Hatchery  
  73  6:35  Drone x3  
  73  6:38  Drone  
  77  6:42  Drone  
  77  6:45  Zergling x4  
  77  6:46  Zergling x2  
  81  6:50  Drone  
  83  6:54  Drone x3  
  83  6:55  Drone  
  83  6:59  Overseer  
  83  7:00  Hatchery  
  85  7:05  Overlord  
  85  7:07  Zergling x2  
  85  7:08  Zergling x2  
  87  7:10  Zergling x8  
  87  7:11  Zergling x6  
  91  7:15  Overlord  
  84  7:29  Zergling x2  
  83  7:30  Zergling x10  
  83  7:38  Zergling x8  
  83  7:43  Zergling x2  
  78  7:44  Zergling x6  
Tags
 
Add a new tag
Caveats
  • Supply blocks, unpowered buildings, or Contaminate may cause inaccurate times.
  • Supply counts are checked every 10 seconds.